Map: Tours du crépuscule

Players

zidar - Winner!

  • Race: Zerg Zerg
  • League: Gold
  • Spawn Location: 7:00

XxMOBABOxX

  • Race: Terran Terran
  • League: Gold
  • Spawn Location: 1:00

VOD

Have the link to the VOD?

Description

Time

  • Played on: June 15, 2016, 1:55 p.m.
  • Length: 4:39
Show
View Real Time Build Order
Export as new Build Order

zidar Zerg - Winner!

Build Orders: Pool First 

Get SALT Encoding   

  12  0:01  Drone  
  13  0:12  Overlord  
  13  0:17  Drone  
  14  0:30  Drone x2  
  14  0:34  Drone  
  17  0:47  Spawning Pool  
  17  0:49  Drone  
  17  1:14  Drone  
  17  1:15  Hatchery  
  17  1:18  Extractor  
  16  1:20  Drone  
  17  1:29  Drone  
  18  1:35  Queen  
  20  1:43  Overlord  
  20  1:48  Drone  
  20  1:51  Drone  
  22  2:06  Drone  
  23  2:10  Queen  
  24  2:19  Zergling x2  
  24  2:20  Metabolic Boost  
  25  2:25  Drone  
  26  2:41  Drone  
  27  2:48  Baneling Nest  
  26  2:54  Drone x4  
  26  2:55  Drone x2  
  32  3:00  Extractor  
  31  3:22  Hatchery  
  31  3:25  Pneumatized Carapace  
  30  3:34  Drone x6  
  30  3:41  Overlord  
  36  4:04  Spore Crawler  
  36  4:08  Drone  
  36  4:09  Spore Crawler, Drone x8  
  43  4:38  Roach Warren  
Show
View Real Time Build Order
Export as new Build Order

XxMOBABOxX Terran 

Build Orders: Command Center First (CC) 

Get SALT Encoding   

  12  0:01  SCV  
  13  0:13  SCV  
  14  0:24  Supply Depot  
  14  0:25  SCV  
  15  0:46  SCV  
  16  0:57  Command Center  
  16  1:01  SCV  
  17  1:12  Barracks  
  17  1:17  SCV  
  18  1:28  Supply Depot  
  18  1:29  SCV  
  19  1:33  Refinery  
  19  1:38  Refinery  
  19  1:42  SCV  
  20  1:56  SCV  
  21  2:09  SCV  
  22  2:16  Marine  
  22  2:21  SCV  
  24  2:26  SCV  
  25  2:35  Factory  
  25  2:38  SCV  
  25  2:41  Orbital Command  
  26  2:50  SCV  
  27  2:58  Barracks Tech Lab, Engineering Bay  
  27  3:03  Factory, SCV  
  28  3:07  SCV  
  29  3:15  SCV  
  29  3:18  Factory Tech Lab  
  30  3:23  SCV  
  30  3:27  SCV, Starport  
  32  3:33  Supply Depot  
  32  3:36  Marauder  
  36  3:45  SCV  
  36  3:46  Widow Mine  
  36  3:47  Factory Tech Lab  
  37  3:57  SCV  
  37  3:59  Marine  
  39  4:04  Starport Reactor  
  39  4:07  Siege Tank  
  39  4:09  Refinery, SCV  
  43  4:11  Refinery  
  43  4:21  SCV  
Tags
 
Add a new tag
Caveats
  • Supply blocks, unpowered buildings, or Contaminate may cause inaccurate times.
  • Supply counts are checked every 10 seconds.